Map: Emerald City LE

Players

Massa - Winner!

  • Race: Terran Terran
  • League: Gold
  • Spawn Location: 5:00

qqq - Winner!

  • Race: Zerg Zerg
  • League: Platinum
  • Spawn Location: 5:00

Drifter

  • Race: Protoss Protoss
  • League: Silver
  • Spawn Location: 11:00

JYL

  • Race: Terran Terran
  • Spawn Location: 11:00

VOD

Have the link to the VOD?

Description

Time

  • Played on: July 25, 2020, 5:14 a.m.
  • Length: 8:50
Show
View Real Time Build Order
Export as new Build Order

Massa Terran - Winner!

Build Orders: Reaper Expand 

Get SALT Encoding   

  12  0:02  SCV  
  13  0:17  Supply Depot  
  13  0:18  SCV  
  14  0:30  SCV  
  15  0:40  Barracks  
  15  0:48  SCV  
  15  0:49  Refinery  
  16  1:00  SCV  
  17  1:12  SCV  
  18  1:24  SCV  
  19  1:43  Refinery  
  18  1:50  SCV  
  18  1:52  Reaper  
  20  2:06  Orbital Command  
  20  2:13  Command Center  
  20  2:24  Reaper  
  20  2:54  SCV  
  20  2:56  Reaper  
  22  3:06  SCV  
  22  3:07  Barracks  
  23  3:32  Marine  
  23  3:49  SCV x2, Marine  
  23  3:54  Refinery  
  26  3:58  Factory  
  26  4:01  Barracks Tech Lab, SCV x2  
  28  4:07  Marine  
  29  4:13  SCV x2  
  31  4:18  Barracks  
  31  4:25  Marine, Stimpack  
  31  4:28  Marauder  
  34  4:36  Orbital Command, SCV  
  35  4:43  Marine  
  35  4:45  Factory Tech Lab, Engineering Bay  
  36  4:48  SCV  
  36  4:50  Marauder  
  37  5:01  SCV  
  38  5:14  Supply Depot x2  
  38  5:22  Terran Infantry Weapons Level 1  
  38  5:25  Supply Depot  
  38  5:26  Supply Depot  
  38  5:35  SCV  
  38  5:36  SCV, Marauder  
  38  5:38  Supply Depot  
  38  5:40  Supply Depot  
  43  5:45  Barracks Tech Lab  
  43  5:48  SCV x2  
  43  5:49  Supply Depot  
  44  5:50  Supply Depot  
  44  5:53  Siege Tank  
  47  5:57  Marauder  
  47  6:00  SCV x2  
  47  6:02  Barracks Reactor  
  47  6:03  Command Center  
  51  6:10  Missile Turret  
  51  6:12  SCV x2  
  51  6:15  Missile Turret  
  53  6:19  Marauder  
  53  6:20  Armory  
  53  6:21  Marauder  
  53  6:23  Concussive Shells  
  53  6:24  SCV x2  
  59  6:36  SCV  
  60  6:40  Starport, Marauder  
  60  6:42  Marauder  
  64  6:51  SCV x2  
  66  7:01  Marauder  
  66  7:03  SCV x2, Siege Tank  
  66  7:05  Marauder, Marine x2  
  77  7:15  SCV x2  
  79  7:23  Marauder, Marine x2  
  79  7:25  Medivac  
  79  7:26  Marauder  
  79  7:27  SCV  
  88  7:31  Refinery  
  88  7:33  Refinery  
  88  7:37  SCV  
  88  7:39  SCV  
  88  7:40  Marine  
  88  7:41  Marine  
  88  7:44  Marine  
  93  7:49  SCV  
  94  7:51  SCV  
  95  8:01  SCV  
  95  8:04  SCV  
  93  8:21  Marauder x2, Marine  
  93  8:22  Marine  
Show
View Real Time Build Order
Export as new Build Order

qqq Zerg - Winner!

Build Orders: Hatch First 

Get SALT Encoding   

  12  0:03  Drone  
  13  0:08  Drone  
  14  0:38  Hatchery  
  13  0:51  Spawning Pool  
  12  1:03  Drone  
  12  1:04  Overlord  
  13  1:08  Drone  
  14  1:11  Extractor  
  13  1:21  Drone  
  14  1:34  Drone  
  14  1:37  Drone  
  16  1:41  Queen  
  18  1:54  Drone  
  19  2:10  Drone x2  
  19  2:11  Drone x2  
  23  2:19  Drone  
  23  2:22  Queen  
  26  2:30  Metabolic Boost  
  26  2:33  Zergling x2  
  27  2:38  Overlord  
  27  2:41  Drone  
  28  2:47  Overlord  
  28  2:56  Drone  
  28  2:57  Drone  
  28  2:58  Drone  
  31  3:01  Zergling x4  
  31  3:04  Zergling x2  
  34  3:06  Zergling x2  
  34  3:09  Drone  
  34  3:11  Zergling x2  
  37  3:18  Zergling x2  
  38  3:26  Zergling x6  
  41  3:30  Drone x2  
  43  3:36  Zergling x2  
  43  3:41  Roach Warren  
  43  3:42  Drone  
  44  3:57  Spine Crawler  
  44  4:00  Spine Crawler  
  42  4:05  Drone x2  
  42  4:06  Overlord x2  
  42  4:07  Overlord  
  40  4:36  Zergling x6  
  40  4:38  Roach x4  
  50  4:44  Drone  
  52  4:45  Roach  
  52  4:56  Roach  
  52  4:58  Drone  
  55  5:00  Hatchery  
  53  5:09  Roach  
  53  5:11  Lair  
  51  5:17  Drone x3  
  51  5:20  Drone x4, Extractor  
  56  5:31  Drone  
  56  5:33  Roach  
  59  5:39  Pneumatized Carapace  
  59  5:50  Roach x2  
  59  5:51  Drone x2  
  59  5:55  Hatchery  
  64  6:05  Drone, Roach  
  64  6:06  Overlord x2  
  64  6:09  Overseer  
  64  6:10  Glial Reconstitution  
  67  6:17  Extractor, Roach x3  
  73  6:18  Drone  
  73  6:20  Overlord x2  
  73  6:24  Drone x2  
  75  6:40  Roach  
  75  6:41  Drone x3  
  75  6:43  Spore Crawler  
  75  6:45  Spine Crawler  
  78  6:52  Drone  
  79  6:56  Roach  
  79  6:57  Roach  
  83  7:15  Roach x2  
  87  7:16  Drone x5  
  87  7:17  Drone x2  
  94  7:30  Extractor  
  94  7:35  Drone x3  
  96  7:38  Roach x3  
  102  7:48  Drone  
  102  7:49  Drone x2  
  102  7:51  Spine Crawler  
  102  8:13  Roach x5  
  102  8:14  Overlord x5  
  102  8:16  Drone  
  111  8:22  Overlord x2  
  111  8:23  Overlord  
Show
View Real Time Build Order
Export as new Build Order

Drifter Protoss 

Build Orders:  

Get SALT Encoding   

  12  0:02  Probe  
  14  0:14  Probe  
  14  0:18  Pylon  
  14  0:26  Probe  
  15  0:42  Gateway  
  15  0:45  Probe  
  15  0:46  Assimilator  
  17  0:57  Probe  
  17  1:09  Probe  
  18  1:21  Probe  
  19  1:32  Cybernetics Core  
  19  1:33  Probe  
  19  1:34  Zealot  
  22  1:50  Probe  
  23  2:16  Nexus  
  23  2:17  Pylon  
  23  2:24  Pylon  
  23  2:27  Stalker  
  23  2:32  Warp Gate  
  23  2:35  Probe  
  26  2:42  Assimilator  
  26  2:47  Probe  
  27  2:59  Probe  
  27  3:00  Gateway  
  27  3:04  Robotics Facility  
  28  3:08  Stalker  
  28  3:11  Probe  
  31  3:23  Probe  
  32  3:28  Assimilator  
  32  3:29  Probe  
  33  3:41  Gateway  
  33  3:42  Probe  
  33  3:45  Forge  
  34  3:50  Probe  
  34  3:54  Probe  
  36  3:56  Observer  
  36  4:01  Stalker  
  36  4:02  Probe  
  38  4:06  Probe  
  27  4:37  Stalker x2  
  29  4:54  Stalker  
  31  5:01  Probe  
  32  5:08  Nexus  
  32  5:13  Probe  
  33  5:19  Protoss Ground Weapons Level 1  
  33  5:25  Probe  
  34  5:28  Stalker  
  34  5:29  Stalker  
  38  5:37  Probe  
  38  5:38  Pylon  
  39  5:53  Forge  
  39  5:56  Probe, Immortal  
  44  6:08  Probe  
  45  6:21  Twilight Council  
  45  6:23  Probe, Robotics Facility  
  46  6:28  Probe  
  47  6:36  Probe  
  48  6:40  Probe  
  48  6:44  Photon Cannon  
  49  6:54  Sentry x2  
  53  7:03  Stalker  
  55  7:12  Assimilator  
  55  7:24  Warp Prism  
  55  7:28  Probe  
  58  7:40  Probe  
  58  7:43  Probe  
  60  7:52  Probe  
  60  7:55  Probe  
  47  8:04  Probe  
  42  8:11  Stalker x3  
  48  8:18  Gateway  
  48  8:19  Gateway  
  46  8:20  Gateway x2  
  46  8:33  Probe  
  47  8:42  Stalker x2  
  47  8:43  Stalker  
Show
View Real Time Build Order
Export as new Build Order

JYL Terran 

Build Orders: Reaper Expand 

Get SALT Encoding   

  12  0:01  SCV  
  13  0:15  SCV  
  13  0:17  Supply Depot  
  14  0:27  SCV  
  15  0:39  SCV  
  15  0:41  Barracks  
  16  0:47  Refinery  
  16  0:55  SCV  
  17  1:07  SCV  
  18  1:30  Orbital Command  
  18  1:31  Reaper  
  19  1:44  Command Center  
  19  1:55  Supply Depot  
  18  2:10  Reaper  
  18  2:14  SCV  
  20  2:15  Refinery  
  20  2:26  SCV  
  20  2:27  Factory  
  21  2:55  SCV  
  21  2:57  Barracks Reactor  
  22  3:06  Barracks  
  22  3:07  SCV, Barracks  
  22  3:11  Starport  
  22  3:12  Hellion  
  25  3:21  Orbital Command  
  25  3:28  SCV  
  25  3:47  SCV x2  
  27  3:56  Barracks Reactor  
  27  3:57  Barracks Tech Lab  
  27  3:59  Supply Depot  
  27  4:00  Barracks Reactor  
  25  4:03  Orbital Command  
  25  4:06  Hellion x2  
  27  4:22  Marine  
  27  4:23  Stimpack  
  28  4:33  Hellion x2  
  28  4:38  SCV x2  
  32  4:50  SCV  
  33  4:54  Marine x3  
  33  4:57  Marine  
  37  5:15  Marine x3  
  37  5:16  Marine  
  37  5:17  Orbital Command  
  39  5:23  Starport  
  39  5:24  SCV  
  40  5:45  Engineering Bay  
  40  5:46  Engineering Bay  
  40  5:48  Starport Reactor  
  40  5:49  Marine x2  
  41  5:50  Marine  
  41  5:53  SCV  
  44  6:07  SCV x2  
  46  6:17  Supply Depot  
  46  6:20  Combat Shield  
  46  6:23  Widow Mine x2  
  46  6:24  Marine x2  
  46  6:25  Marine x2  
  54  6:28  Terran Infantry Armor Level 1, Terran Infantry Weapons Level 1  
  54  6:36  Supply Depot  
  54  6:38  Marine  
  54  6:39  Medivac x2  
  59  6:41  SCV x2  
  59  6:46  Supply Depot  
  61  6:53  SCV  
  62  6:57  SCV, Missile Turret  
  62  6:59  Marine x5  
  68  7:03  Supply Depot  
  68  7:05  SCV  
  69  7:09  SCV  
  69  7:10  Widow Mine  
  69  7:11  Widow Mine  
  74  7:20  SCV  
  74  7:22  SCV  
  76  7:29  Marine x3  
  77  7:30  Marine x2  
  77  7:36  Supply Depot  
  81  7:37  SCV x2, Supply Depot  
  81  7:38  Armory  
  83  7:49  SCV  
  54  8:15  Marine x4  
  54  8:16  Marauder  
  54  8:19  SCV x2  
  57  8:25  Factory Tech Lab  
  57  8:27  Bunker x2  
  57  8:31  SCV x2  
Tags
 
Add a new tag
Caveats
  • Supply blocks, unpowered buildings, or Contaminate may cause inaccurate times.
  • Supply counts are checked every 10 seconds.